 Dungeon Crawl Stone Soup version 0.29-a0-557-g43b9904bd1 (webtiles) character file.

Game seed: 16447713490121728934

62148 ptdevnull the Basher (level 15, -2/124 HPs)
             Began as a Djinni Fire Elementalist on June 8, 2022.
             Was a High Priest of Ashenzari.
             Killed by divine providence
             ... invoked by an orc priest
              (12 damage)
             ... on level 2 of the Orcish Mines.
             The game lasted 01:30:59 (25398 turns).

ptdevnull the Basher (Djinni Fire Elementalist)    Turns: 25398, Time: 01:30:59

Health: -2/124     AC: 19    Str:  7    XL:     15   Next: 45%
Gold:   1282       EV: 16    Int: 26    God:    Ashenzari [*****.] SH:  7 Dex: 21

rFire   + + .      SeeInvis +   a - +9 eveningstar of the Omniscient Apathy {vorpal, Melee, Cun} (curse)
rCold   x . .      Faith    .   T - +1 buckler {rPois}
rNeg    . . .      Spirit   .   P - +4 ring mail "Servitude of Ashenzari" {Will+, Self, Melee} (curse)
rPois   ∞          Reflect  .   k - +2 helmet "Adversity of Ashenzari" {Int+3, Fort, Self} (curse)
rElec   .          Harm     .   C - +0 cloak "Share My Jealousy" {Self, Fort} (curse)
rCorr   .          Rampage  .   G - +2 pair of gloves of Ashenzari's Pleiades {Cun, Self} (curse)
Will    +++..      Clarity  +   (boots unavailable)
Stlth   ++........              u - amulet of Ashenzari's Anxiety {Regen+, Cun, Melee} (curse)
HPRegen 1.10/turn               z - ring of the Fated Pessimism {Wiz Will+, Self, Evo} (curse)
MPRegen 0.00/turn               J - ring "Shackled Restlessness" {Dex+6 Slay+4, Melee, Evo} (curse)

@: flying
A: sickness immunity, fire resistance 2, cold vulnerability 1, float, innate
caster, HP casting, extra vitality 1
a: Renounce Religion, Curse Item, Shatter the Chains


You were on level 2 of the Orcish Mines.
You worshipped Ashenzari.
Ashenzari was extremely pleased with you.
You visited 4 branches of the dungeon, and saw 20 of its levels.
You also visited: Gauntlet.

You collected 2116 gold pieces.
You spent 834 gold pieces at shops.

Inventory:

Hand Weapons
 a - the cursed +9 eveningstar of the Omniscient Apathy (weapon) {vorpal, Melee, Cun}
   (You took it off Urug on level 3 of the Lair of Beasts)

   It inflicts extra damage upon your enemies.
   It has a curse which improves the following skills: Melee Combat: Short
   Blades, Long Blades, Axes, Maces & Flails, Polearms, Staves and Unarmed
   Combat.
   Cunning:   Dodging and Stealth.
Missiles
 r - 2 throwing nets
 S - 13 javelins
Armour
 k - the cursed +2 helmet "Adversity of Ashenzari" (worn) {Int+3, Fort, Self}
   (You found it in a Gauntlet)

   It has a curse which improves the following skills: Fortitude: Armour and
   Shields.
   Introspection: Fighting and Spellcasting.
 o - the +0 chain mail "Voeqi" {rF+ Str+3 Slay+3}
   (You found it on level 9 of the Dungeon)

   Str:       It affects your strength (+3).
   Slay:      It affects your accuracy & damage with ranged weapons and melee
   (+3).
   rF:        It protects you from fire.
 C - the cursed +0 cloak "Share My Jealousy" (worn) {Self, Fort}
   (You found it on level 5 of the Dungeon)

   It has a curse which improves the following skills: Introspection: Fighting
   and Spellcasting.
   Fortitude: Armour and Shields.
 G - the cursed +2 pair of gloves of Ashenzari's Pleiades (worn) {Cun, Self}
   (You found it on level 7 of the Dungeon)

   It has a curse which improves the following skills: Cunning: Dodging and
   Stealth.
   Introspection: Fighting and Spellcasting.
 P - the cursed +4 ring mail "Servitude of Ashenzari" (worn) {Will+, Self, Melee}
   (You found it in a Gauntlet)

   It has a curse which improves the following skills: Introspection: Fighting
   and Spellcasting.
   Melee Combat: Short Blades, Long Blades, Axes, Maces & Flails, Polearms,
   Staves and Unarmed Combat.
 T - a +1 buckler of poison resistance (worn)
Jewellery
 b - a +6 ring of intelligence
 d - a +4 ring of slaying
 e - the ring "Gocent" {Wiz Int+2}
   (You acquired it on level 9 of the Dungeon)

   [ring of wizardry]

   It improves your spell success rate.
   Int:       It affects your intelligence (+2).
 g - a ring of willpower
 u - the cursed amulet of Ashenzari's Anxiety (around neck) {Regen+, Cun, Melee}
   (You found it on level 3 of the Lair of Beasts)

   [amulet of regeneration]

   Regen:     It increases your rate of health regeneration.
   It has a curse which improves the following skills: Cunning: Dodging and
   Stealth.
   Melee Combat: Short Blades, Long Blades, Axes, Maces & Flails, Polearms,
   Staves and Unarmed Combat.
 z - the cursed ring of the Fated Pessimism (left hand) {Wiz Will+, Self, Evo}
   (You found it in a Gauntlet)

   [ring of wizardry]

   It improves your spell success rate.
   Will:      It increases your willpower.
   It has a curse which improves the following skills: Introspection: Fighting
   and Spellcasting.
   Evocations: Evocations.
 B - a ring of willpower
 D - an amulet of reflection
 J - the cursed ring "Shackled Restlessness" (right hand) {Dex+6 Slay+4, Melee, Evo}
   (You acquired it on level 2 of the Dungeon)

   [ring of dexterity]

   Dex:       It affects your dexterity (+6).
   Slay:      It affects your accuracy & damage with ranged weapons and melee
   (+4).
   It has a curse which improves the following skills: Melee Combat: Short
   Blades, Long Blades, Axes, Maces & Flails, Polearms, Staves and Unarmed
   Combat.
   Evocations: Evocations.
 L - a +6 ring of strength
 M - a ring of ice
 U - a ring of positive energy
Wands
 h - a wand of polymorph (13)
 l - a wand of flame (17)
 y - a wand of acid (11)
 H - a wand of charming (13)
 I - a wand of paralysis (26)
 Q - a wand of digging (8)
Scrolls
 c - 3 scrolls of torment
 i - 3 scrolls of immolation
 n - 3 scrolls of poison
 s - 2 scrolls of silence
 t - a scroll of fear
 A - 5 scrolls of fog
 E - 3 scrolls of enchant weapon
 O - 2 scrolls of teleportation
 W - 2 scrolls of magic mapping
Potions
 f - a potion of heal wounds
 j - 4 potions of mutation
 m - 2 potions of haste
 p - 2 potions of invisibility
 q - 13 potions of curing
 v - a potion of ambrosia
 w - 3 potions of lignification
 x - 2 potions of attraction
 F - 2 potions of resistance
 N - a potion of brilliance
 R - a potion of cancellation
 V - 2 potions of might
Miscellaneous
 K - a tin of tremorstones (2/2)


   Skills:
 - Level 10.6(17.0) Fighting
 - Level 12.1(18.4) Maces & Flails
 - Level 10.1(17.4) Staves
 - Level 5.1(8.4) Armour
 + Level 7.7(12.2) Dodging
 - Level 1.5(4.4) Stealth
 * Level 2.5(5.2) Shields
 * Level 9.8(16.1) Spellcasting
 + Level 6.0(9.5) Evocations


You had 9 spell levels left.
You knew the following spells:

 Your Spells              Type           Power      Damage    Failure   Level
a - Foxfire               Conj/Fire      100%       2x1d9     0%          1
b - Scorch                Fire           100%       2d10      0%          2
c - Conjure Flame         Conj/Fire      81%        6-21      1%          3
d - Inner Flame           Hex/Fire       81%        N/A       1%          3
e - Flame Wave            Conj/Fire      81%        2d14      1%          4
f - Apportation           Tloc           100%       N/A       0%          1
g - Passwall              Tmut/Erth      67%        N/A       0%          2
h - Ensorcelled Hibernat  Hex/Ice        100%       N/A       0%          2
i - Iskenderun's Mystic   Conj/Tloc      81%        2d16      1%          4
j - Passage of Golubria   Tloc           81%        N/A       1%          4
k - Manifold Assault      Tloc           81%        N/A       1%          5
l - Simulacrum            Ice/Necr       40%        N/A       1%          6
Your spell library was empty.

Dungeon Overview and Level Annotations

Branches:
Dungeon (11/15)            Temple (1/1) D:6            Lair (6/6) D:9
 Shoals (0/4) Lair:4        Snake (0/4) Lair:3        Slime (0/5) Lair:6
    Orc (2/2) D:11            Elf (0/3) Orc:2       Gauntlet (visited)

Altars:
Ashenzari
Cheibriados
Dithmenos
Elyvilon
Fedhas
Gozag
Hepliaklqana
Kikubaaqudgha
Makhleb
Nemelex Xobeh
Okawaru
Qazlal
Ru
Sif Muna
Trog
Uskayaw
Vehumet
Wu Jian
Xom
Yredelemnul
Zin
The Shining One
Jiyva

Shops:
D:2 ?   D:8 =   D:10 ***   D:11 ([   Orc:2 [

Annotations:
Lair:2 2 transporters, tabacat's ghost, journeyman DrCj
Lair:3 1 runed translucent door
Lair:4 exclusion: 2 oklob plants


Innate Abilities, Weirdness & Mutations

You are immune to sickness and miasma.
You are immune to poison.
Your flesh is very heat resistant. (rF++)
You are vulnerable to cold. (rC-)
You float through the air rather than walking.
You learn spells naturally, not from books.
Your magical power is your life essence.
You have superior vitality. (+4 MHP)


Message History

Beogh smites you!
* * * LOW HITPOINT WARNING * * *
Casting: Manifold Assault (safe; 1% risk of failure)
Confirm with . or Enter, or press ? or * to list all spells.
Space momentarily warps into an impossible shape!
You barely miss the orc priest. You sock the orc warrior!
You puncture the orc warrior!
* * * LOW HITPOINT WARNING * * *
The orc warrior hits you but does no damage.
The orc warrior closely misses you.
Casting: Manifold Assault (safe; 1% risk of failure)
Confirm with . or Enter, or press ? or * to list all spells.
Space momentarily warps into an impossible shape!
You closely miss the orc warrior. You hit the orc priest.
You hit the orc warrior.
* * * LOW HITPOINT WARNING * * *
Unknown command.
You bludgeon the orc warrior!!
You kill the orc warrior!
The orc warrior hits you with a +0 long sword!
* * * LOW HITPOINT WARNING * * *
You barely miss the orc warrior.
The orc warrior is moderately wounded.
You block the orc warrior's attack.
You hit the orc warrior.
The orc warrior is heavily wounded.
The orc warrior hits you but does no damage.
The orc priest hits you but does no damage.
You impale the orc priest!!
You kill the orc priest!
The orc warrior hits you with a +0 long sword.
* * * LOW HITPOINT WARNING * * *
You hit the orc warrior but do no damage.
The orc warrior is heavily wounded.
You hit the orc warrior but do no damage.
The orc warrior is heavily wounded.
The orc warrior misses you.
The orc priest calls down the wrath of Beogh upon you.
Beogh smites you!
You die...

.##.##* ##.###.### ##.###.##
......#* #...#...#####...#...##
.......*##..#......###.......###
......###...........##........##
........##..#.................##
.........#............)......###
..........#.#..........)......##
.......................)......##
...............#@)...........###
................o).......)...###
........................)..)..##
........................))....##
§.............................##
..................o...........###
§............................####
#............................####
.....#........................###


You could see an orc warrior and an orc priest.

Vanquished Creatures
  Rupert (Lair:4)
  Gastronok (D:8)
  Kirke (Lair:6)
  A minotaur (Gauntlet)
  A dire elephant (Lair:6)
  A boulder beetle (D:11)
  3 hydras
  2 catoblepae (Lair:6)
  Erica (D:8)
  A deep troll shaman (Lair:6)
  2 thrashing horrors (Gauntlet)
  9 death yaks
  An orc high priest (Orc:2)
  Urug (Lair:3)
  Amaemon (Lair:1)
  Pikel (D:8)
  An orc knight (Orc:1)
  A slime creature (Gauntlet)
  2 orc sorcerers
  7 black mambas
  9 cane toads
  A gargoyle (D:11)
  35 elephants
  2 torpor snails
  An unseen horror (D:11)
  A minotaur zombie (Gauntlet)
  An orange demon (Lair:1)
  5 komodo dragons
  A rime drake (Lair:5)
  2 polar bears
  6 trolls
  A tyrant leech (Gauntlet)
  A hornet (D:10)
  5 blink frogs (Lair:4)
  10 dream sheep
  A shadow (D:10)
  A wraith (D:10)
  Sigmund (D:2)
  9 wyverns
  A hog (Lair:6)
  41 yaks
  4 basilisks
  A warg (Orc:2)
  Menkaure (D:5)
  2 swamp worms (Gauntlet)
  An acid dragon (D:9)
  12 water moccasins
  An ice beast (D:5)
  A sky beast (D:8)
  4 small abominations (Gauntlet)
  20 orc warriors
  4 black bears
  12 wolves
  8 ogres
  3 centaurs
  2 phantoms
  A kobold brigand (D:9)
  2 lemures (D:8)
  9 bullfrogs
  6 necrophages (Lair:2)
  3 gnoll sergeants
  4 scorpions
  4 killer bees (D:9)
  Crazy Yiuf (D:5)
  2 hounds
  7 jellies
  16 orc priests
  2 gnoll shamans
  3 iguanas
  24 orc wizards
  16 gnolls
  6 adders
  2 shadow imps
  2 white imps
  2 ufetubi
  2 worms
  3 dart slugs (D:2)
  95 orcs
  6 ball pythons
  11 bats
  11 endoplasms
  2 giant cockroaches (D:2)
  4 goblins
  10 hobgoblins
  3 jackals
  6 quokkas
  4 frilled lizards
  8 kobolds
  5 rats
  3 butterflies (Lair:2)
535 creatures vanquished.

Vanquished Creatures (collateral kills)
  12 foxfires
12 creatures vanquished.

Vanquished Creatures (others)
  A bush (Lair:3)
  17 demonic plants (Gauntlet)
  779 foxfires
  46 fungi
  69 plants
912 creatures vanquished.

Grand Total: 1459 creatures vanquished

Notes
Turn   | Place    | Note
-------+----------+-------------------------------------------
     0 | D:1      | ptdevnull the Djinni Fire Elementalist began the quest for
                  | the Orb.
     0 | D:1      | Reached XP level 1. HP: 15/15 MP: 0/0
   145 | D:1      | Found a faded altar of an unknown god.
   200 | D:1      | Reached XP level 2. HP: 21/22 MP: 0/0
   217 | D:1      | Reached skill level 1 in Fighting
   683 | D:1      | Reached XP level 3. HP: 25/27 MP: 0/0
   683 | D:1      | Learned a level 1 spell: Apportation
  1675 | D:2      | Noticed Sigmund
  1682 | D:2      | Killed Sigmund
  1683 | D:2      | Reached XP level 4. HP: 22/35 MP: 0/0
  1683 | D:2      | Reached XP level 5. HP: 25/40 MP: 0/0
  1683 | D:2      | Learned a level 2 spell: Passwall
  1683 | D:2      | Reached XP level 6. HP: 29/46 MP: 0/0
  2696 | D:2      | Found Penioxka's Magic Scroll Shoppe.
  3672 | D:3      | Reached XP level 7. HP: 34/53 MP: 0/0
  3672 | D:3      | Learned a level 2 spell: Ensorcelled Hibernation
  4450 | D:4      | Reached skill level 5 in Fighting
  5273 | D:5      | Entered Level 5 of the Dungeon
  5965 | D:5      | Reached skill level 5 in Spellcasting
  5965 | D:5      | Reached XP level 8. HP: 55/61 MP: 0/0
  6277 | D:5      | Found an iron altar of Okawaru.
  6650 | D:5      | Found a runed translucent door.
  6651 | D:5      | Noticed Crazy Yiuf
  6669 | D:5      | Killed Crazy Yiuf
  7062 | D:5      | Noticed Menkaure
  7068 | D:5      | Reached XP level 9. HP: 10/68 MP: 0/0
  7068 | D:5      | Learned a level 4 spell: Iskenderun's Mystic Blast
  7354 | D:5      | Killed Menkaure
  7801 | D:6      | Found a glowing golden altar of the Shining One.
  7956 | D:6      | Found a staircase to the Ecumenical Temple.
  8312 | Temple   | Entered the Ecumenical Temple
  8471 | Temple   | Upgraded the game from 0.29-a0-555-g3b24f45cc1 to
                  | 0.29-a0-557-g43b9904bd1
  8491 | Temple   | Became a worshipper of Ashenzari the Shackled
  8680 | D:6      | Identified the +2 lajatang of Indomitability {vorpal, Str+4
                  | SInv}
  8952 | D:7      | Reached skill level 1 in Staves
  9388 | D:7      | Noticed a troll
  9478 | D:7      | Killed a troll
  9890 | D:7      | You are sucked into a shaft and drop 2 floors!
  9897 | D:9      | Identified a scroll of acquirement
  9897 | D:9      | Acquired the ring "Gocent" {Wiz Int+2}
  9963 | D:9      | Noticed a troll
  9973 | D:9      | Reached XP level 10. HP: 19/78 MP: 0/0
 10242 | D:9      | Reached skill level 5 in Staves
 10386 | D:9      | Found a staircase to the Lair.
 10750 | D:8      | Noticed Erica
 10758 | D:8      | Killed Erica
 11047 | D:8      | Found a bloodstained altar of Trog.
 11048 | D:8      | Noticed Pikel
 11067 | D:8      | Killed Pikel
 11300 | D:8      | Found a stormy altar of Qazlal.
 11348 | D:8      | Noticed Gastronok
 11424 | D:8      | Killed Gastronok
 11425 | D:8      | Reached XP level 11. HP: 41/86 MP: 0/0
 11425 | D:8      | Learned a level 4 spell: Passage of Golubria
 11904 | D:8      | Identified the +7 hand crossbow of Benex {freeze, rC+
                  | Will+}
 12020 | D:8      | Found Vironail's Jewellery Shop.
 12026 | D:8      | Reached skill level 10 in Fighting
 12544 | D:9      | Reached * piety under Ashenzari
 12619 | D:9      | Reached ** piety under Ashenzari
 12621 | D:9      | Found a burning altar of Makhleb.
 12694 | D:9      | Identified the +0 chain mail "Voeqi" {rF+ Str+3 Slay+3}
 13459 | D:10     | Entered Level 10 of the Dungeon
 13568 | D:10     | Found Tocof's Neck Hole.
 13601 | D:10     | Found Enitaf's General Store.
 13605 | D:10     | Found Xovedump's Specific Store.
 13810 | D:10     | Reached *** piety under Ashenzari
 13830 | D:10     | Identified the +0 scale mail "Pumudghenyo" {Dex+7}
 14312 | Lair:1   | Entered Level 1 of the Lair of Beasts
 14589 | D:2      | Bought a scroll of acquirement for 624 gold pieces
 14589 | D:2      | Acquired the ring "Xed Hyd" {Dex+6 Slay+4}
 14901 | Lair:1   | Noticed Amaemon
 14931 | Lair:1   | Killed Amaemon
 15020 | Lair:1   | Reached **** piety under Ashenzari
 15479 | Lair:2   | Reached skill level 1 in Evocations
 15488 | Lair:2   | Noticed a seven-headed hydra
 15495 | Lair:2   | HP: 3/92 [seven-headed hydra (9)]
 15891 | Lair:2   | Found a gate leading to a gauntlet.
 15902 | Gauntlet | Entered a Gauntlet
 15902 | Gauntlet | Found a transporter.
 15902 | Gauntlet | Found a transporter.
 15929 | Gauntlet | Found a transporter.
 15929 | Gauntlet | Found a transporter.
 15931 | Gauntlet | Found a large runed translucent door.
 15932 | Gauntlet | Found a large runed translucent door.
 15932 | Gauntlet | Noticed a green death
 15933 | Gauntlet | Found a large runed translucent door.
 15933 | Gauntlet | Found a large runed translucent door.
 15933 | Gauntlet | Found a runed translucent door.
 15933 | Gauntlet | Found a runed translucent door.
 15934 | Gauntlet | Found a large runed translucent door.
 15935 | Gauntlet | Found a large runed translucent door.
 15935 | Gauntlet | Found a large runed translucent door.
 15935 | Gauntlet | Found a large runed translucent door.
 15936 | Gauntlet | Found a large runed translucent door.
 15937 | Gauntlet | Found a transporter.
 15937 | Gauntlet | Found a large runed translucent door.
 15950 | Gauntlet | Found a large runed translucent door.
 15950 | Gauntlet | Found a large runed translucent door.
 15951 | Gauntlet | Found a large runed translucent door.
 15951 | Gauntlet | Found a large runed translucent door.
 15951 | Gauntlet | Found a large runed translucent door.
 15951 | Gauntlet | Found a large runed translucent door.
 15954 | Gauntlet | Found a runed translucent gate.
 15954 | Gauntlet | Found a runed translucent gate.
 15954 | Gauntlet | Found a runed translucent gate.
 15955 | Gauntlet | Noticed an obsidian statue
 15956 | Gauntlet | Found a transporter.
 15964 | Gauntlet | Identified the ring "Gaox" {rF+ SInv}
 15965 | Gauntlet | Found a transporter.
 15966 | Gauntlet | Found a transporter.
 15966 | Gauntlet | Found a transporter.
 15969 | Gauntlet | Identified the ring of Qerevu {rN+ MP+9 Dex+3}
 15971 | Gauntlet | Found a transporter.
 15976 | Gauntlet | Noticed a thrashing horror
 15978 | Gauntlet | Noticed a thrashing horror
 16005 | Gauntlet | Found a transporter.
 16023 | Gauntlet | Found a transporter.
 16066 | Gauntlet | Found a transporter.
 16080 | Gauntlet | Found a transporter.
 16080 | Gauntlet | Identified the ring "Pesemod" {Wiz Will+}
 16180 | Gauntlet | Found a transporter.
 16201 | Gauntlet | Found a transporter.
 16205 | Gauntlet | Identified the +2 helmet of Unambiguity {*Slow rC+ Str+3
                  | Int+9}
 16744 | Gauntlet | Reached XP level 12. HP: 22/98 MP: 0/0
 17086 | Gauntlet | Killed a thrashing horror
 17091 | Gauntlet | Killed a thrashing horror
 17275 | Gauntlet | Noticed a minotaur
 17287 | Gauntlet | Killed a minotaur
 17288 | Gauntlet | Reached skill level 10 in Staves
 17648 | Lair:2   | Killed a seven-headed hydra
 17954 | Lair:2   | Identified the -2 cloak "Fuwnarhe" {Harm Dex+2}
 17962 | Lair:2   | Noticed tabacat's ghost (journeyman DrCj)
 17965 | Lair:2   | Found a transporter.
 17968 | Lair:2   | Found a transporter.
 18528 | Lair:3   | Noticed Urug
 18540 | Lair:3   | Killed Urug
 18541 | Lair:3   | Reached skill level 5 in Evocations
 18849 | Lair:3   | Noticed a death yak
 18849 | Lair:3   | Noticed a death yak
 18899 | Lair:2   | Reached skill level 1 in Maces & Flails
 19312 | Lair:3   | Reached skill level 2 in Maces & Flails
 19320 | Lair:3   | Reached skill level 3 in Maces & Flails
 19533 | Lair:3   | Killed a death yak
 19543 | Lair:3   | Killed a death yak
 19544 | Lair:3   | Reached skill level 1 in Armour
 19666 | Lair:3   | Reached XP level 13. HP: 103/103 MP: 0/0
 19666 | Lair:3   | Learned a level 5 spell: Manifold Assault
 19694 | Lair:3   | Reached skill level 4 in Maces & Flails
 19703 | Lair:3   | Found a runed translucent door.
 19776 | Lair:3   | Found a staircase to the Snake Pit.
 20239 | Lair:3   | Reached skill level 5 in Maces & Flails
 20421 | Lair:4   | Identified the Tome of Summoning
 20486 | Lair:4   | Reached skill level 5 in Dodging
 20490 | Lair:4   | Reached skill level 6 in Maces & Flails
 20637 | Lair:4   | Noticed Rupert
 20647 | Lair:4   | Killed Rupert
 20684 | Lair:4   | Noticed an eight-headed hydra
 20835 | Lair:4   | Reached skill level 7 in Maces & Flails
 20835 | Lair:4   | Reached skill level 5 in Armour
 20906 | Lair:4   | Found a staircase to the Shoals.
 21221 | Lair:4   | Reached XP level 14. HP: 80/114 MP: 0/0
 21525 | Lair:5   | Reached skill level 8 in Maces & Flails
 21667 | Lair:5   | Reached skill level 9 in Maces & Flails
 22115 | Lair:5   | Reached skill level 10 in Maces & Flails
 22401 | Lair:6   | Entered Level 6 of the Lair of Beasts
 22765 | Lair:6   | Reached skill level 11 in Maces & Flails
 22988 | Lair:6   | Noticed a dire elephant
 23013 | Lair:6   | Killed a dire elephant
 23014 | Lair:6   | Reached XP level 15. HP: 37/120 MP: 0/0
 23014 | Lair:6   | Learned a level 6 spell: Simulacrum
 23184 | Lair:6   | Noticed Kirke
 23193 | Lair:6   | Killed Kirke
 23194 | Lair:6   | Reached skill level 12 in Maces & Flails
 23527 | Lair:6   | Found a viscous altar of Jiyva.
 23528 | Lair:6   | Found a staircase to the Slime Pits.
 23735 | D:11     | Found Contaess's Weapon Shoppe.
 23737 | D:11     | Found a staircase to the Orcish Mines.
 23738 | D:11     | Found Vahoicw's Armour Shoppe.
 23777 | D:11     | Reached ***** piety under Ashenzari
 24370 | Orc:1    | Entered Level 1 of the Orcish Mines
 24451 | Orc:2    | Entered Level 2 of the Orcish Mines
 24473 | Orc:2    | Found Akil's Antique Armour Emporium.
 24497 | Orc:2    | Bought a glowing buckler for 210 gold pieces
 24825 | Orc:1    | Reached skill level 1 in Shields
 25021 | Orc:2    | Found a staircase to the Elven Halls.
 25398 | Orc:2    | Killed from afar by an orc priest

Illustrated notes

Levels and vault maps discovered:
D:1:      minmay_arrival_hallway, layout_basic, shapermc_ecumenical_altar_ellora
D:2:      minmay_thinvault, layout_rooms, serial_shops, shop_scrolls,
          uniq_sigmund
D:3:      layout_loops_corners
D:4:      layout_basic, minmay_misc_feat_doors
D:5:      layout_basic, okawaru_trees_2, uniq_menkaure, uniq_crazy_yiuf_cottage
D:6:      layout_basic, lemuel_tele_altar, minmay_temple_entry_large_hall
D:7:      layout_basic
D:8:      layout_basic, mainiacjoe_overflow_large_starburst, serial_shops, shop,
          nicolae_grassy_gnolls, uniq_erica, uniq_gastronok, uniq_pikel
D:9:      layout_layer_cave, mainiacjoe_overflow_six_doors_small,
          lightli_temple_of_fire, grunt_lair_entry_orc_guard_hut,
          grunt_ministairs_1
D:10:     layout_roguey, nicolae_specific_store,
          nicolae_shop_sticking_my_neck_out
D:11:     layout_irregular_city, orc_david_3
Temple:   eino_temple_scatter_basement
Lair:1:   layout_chaotic_city, uniq_amaemon
Lair:2:   layout_misc_corridors, gauntlet_entry_generic, gammafunk_ghost_hive,
          roderic_carrion_pond, lemuel_fruit_fields
Lair:3:   gammafunk_mikee_crab_dinner, layout_regular_city, dummy_snake_entry,
          chequers_serial_rivers_small_a, uniq_urug
Lair:4:   minmay_lair_oklob_tunnel, layout_regular_city, shoals_dummy_entry,
          uniq_rupert
Lair:5:   layout_long_grid, beast_lair_carwin_5, infiniplex_staircase_pool
Lair:6:   grunt_lair_end_beastmaster, layout_regular_city,
          dpeg_slime_entry_enclosed_altar, grunt_megastairs_2, uniq_kirke
Orc:1:    layout_diamond_mine
Orc:2:    st_orc_pillars, layout_diamond_mine, serial_shops, shop,
          statue_in_the_mist_lemuel

Skill      XL: |  1  2  3  4  5  6  7  8  9 10 11 12 13 14 15 |
---------------+----------------------------------------------+-----
Fighting       | 1 3 4 5 7 8 9 10 | 10.6
Spellcasting   | 3 4 5 6 7 8 9 |  9.8
Staves         | 4 7 9 10 | 10.1
Evocations     | 2 5 6 |  6.0
Maces & Flails | 3 7 11 12 | 12.1
Armour         | 1 5 |  5.1
Dodging        | 3 6 7 |  7.7
Shields        | 2 |  2.5
Stealth        | |  1.5

Action                   |  1- 3 |  4- 6 |  7- 9 | 10-12 | 13-15 || total
-------------------------+-------+-------+-------+-------+-------++-------
Melee: Short sword       |       |     5 |    10 |       |       ||    15
       Dagger            |       |       |    24 |       |       ||    24
       Quarterstaff      |       |       |    10 |       |       ||    10
       Lajatang          |       |       |    25 |   104 |       ||   129
       Eveningstar       |       |       |       |    47 |   813 ||   860
       Punch             |       |       |       |       |    10 ||    10
 Cast: Foxfire           |    58 |    54 |   138 |   176 |    39 ||   465
       Scorch            |     1 |     5 |    40 |    73 |     7 ||   126
       Flame Wave        |       |       |     6 |     9 |     1 ||    16
       Iskenderun's Myst |       |       |     1 |    10 |       ||    11
       Ensorcelled Hiber |       |       |     1 |     1 |       ||     2
       Conjure Flame     |       |       |     1 |       |       ||     1
       Passwall          |       |       |       |     1 |       ||     1
       Manifold Assault  |       |       |       |       |   102 ||   102
       Passage of Golubr |       |       |       |       |     2 ||     2
Invok: Curse Item        |       |       |     1 |     5 |     4 ||    10
       Shatter the Chain |       |       |       |     2 |       ||     2
Evoke: Wand              |       |       |       |       |     4 ||     4
  Use: Scroll            |       |       |    22 |    11 |     7 ||    40
       Potion            |       |       |     4 |     9 |     2 ||    15
 Stab: Sleeping          |       |       |     1 |     3 |     2 ||     6
       Invisible         |       |       |       |     4 |       ||     4
       Petrified         |       |       |       |       |     3 ||     3
Armor: Robe              |       |     6 |    19 |    24 |       ||    49
       Chain mail        |       |       |       |    37 |       ||    37
       Ring mail         |       |       |       |    52 |   268 ||   320
Dodge: Dodged            |     9 |    17 |    82 |   109 |   394 ||   611
Block: Other             |       |       |     8 |    43 |       ||    51
       Reflection        |       |       |       |     3 |       ||     3
       Buckler           |       |       |       |       |    19 ||    19

Table legend: (Time is in decaauts)
 A = Elapsed time spent in this place.
 B = Non-inter-level travel time spent in this place.
 C = Inter-level travel time spent in this place.
 D = Time resting spent in this place.
 E = Time spent auto-exploring this place.
 F = Levels seen in this place.
 G = Mean time per level.
                   A        B        C        D        E       F      G
               +--------+--------+--------+--------+--------+-----+--------+
         Total |  25284 |  23711 |   1573 |   6637 |  13202 |  21 | 1204.0 |
       Dungeon |  15125 |  14083 |   1042 |   3832 |   8496 |  11 | 1375.0 |
        Temple |    197 |    159 |     38 |      0 |    143 |   1 |  197.0 |
          Lair |   7452 |   6972 |    480 |   1997 |   3645 |   6 | 1242.0 |
  Orcish Mines |   1001 |    989 |     12 |     64 |    618 |   2 |  500.5 |
      Gauntlet |   1507 |   1507 |      0 |    744 |    300 |   1 | 1507.0 |
               +--------+--------+--------+--------+--------+-----+--------+

Top non-repeatable levels by time:
     D:5: 2332 daAuts
     D:9: 2240 daAuts
  Lair:2: 1588 daAuts
  Lair:3: 1522 daAuts
Gauntlet: 1507 daAuts
     D:1: 1453 daAuts
     D:4: 1416 daAuts
     D:3: 1411 daAuts
     D:2: 1388 daAuts
     D:8: 1234 daAuts
     D:7: 1214 daAuts
  Lair:1: 1184 daAuts
  Lair:6: 1174 daAuts
  Lair:4: 1090 daAuts
     D:6: 961 daAuts
